 Dungeon Crawl Stone Soup version 0.26.1-2-gb8aa6d0cf2 (webtiles) character file.

Game seed: 1775925545885392947

9123 Allula97 the Grappler (level 11, -12/92 HPs)
             Began as a White Draconian Transmuter on Feb 27, 2021.
             Was an Elder of Kikubaaqudgha.
             Mangled by a six-headed hydra (14 damage)
             ... on level 1 of the Lair of Beasts.
             The game lasted 00:43:17 (12498 turns).

Allula97 the Grappler (White Draconian Transmuter) Turns: 12498, Time: 00:43:18

Health: -12/92     AC:  9    Str: 14    XL:     11   Next: 18%
Magic:  20/20      EV: 15    Int: 22    God:    Kikubaaqudgha [****..]
Gold:   480        SH:  0    Dex: 11    Spells: 1/22 levels left

rFire    + . .     SeeInvis +     - Unarmed
rCold    + + .     Faith    .   (no shield)
rNeg     . . .     Spirit   .   (armour unavailable)
rPois    .         Reflect  .   o - +2 hat {SInv}
rElec    .         Harm     .   (no cloak)
rCorr    .         Rampage  .   (no gloves)
Will     .....                  (no boots)
Stlth    +++.......             j - amulet of the acrobat
HPRegen  0.25/turn              x - +6 ring of intelligence
MPRegen  0.17/turn              n - ring of protection from fire

@: no status effects
A: breathe frost, unfitting armour, hooves 1, cold resistance 2, cold-blooded,
MP-powered wands, AC +7
a: Breathe Frost, Renounce Religion, Receive Corpses


You were on level 1 of the Lair of Beasts.
You worshipped Kikubaaqudgha.
Kikubaaqudgha was greatly pleased with you.
You visited 3 branches of the dungeon, and saw 11 of its levels.

You collected 480 gold pieces.

Inventory:

Hand Weapons
 k - the +2 hunting sling of the Dancing Boar {freeze, rElec rC+ Int+2, unknown}
   (You found it on level 8 of the Dungeon)

   It causes projectiles fired from it to freeze those they strike, causing
   extra injury to most foes and up to half again as much damage against
   particularly susceptible opponents.
   They can also slow down cold-blooded creatures.
   It affects your intelligence (+2).
   It protects you from cold.
   It insulates you from electricity.
 E - a +4 scimitar of flaming
Missiles
 h - a throwing net (quivered)
Armour
 o - a +2 hat of see invisible (worn)
Jewellery
 j - an amulet of the acrobat (around neck)
 n - a ring of protection from fire (right hand)
 r - an uncursed ring of ice
 u - an uncursed ring of magical power
 x - a +6 ring of intelligence (left hand)
 z - a +4 ring of evasion
 B - an uncursed ring of positive energy
Wands
 v - a wand of paralysis (11)
 A - a wand of random effects (22)
 F - a wand of digging (6)
Scrolls
 b - a scroll of amnesia
 c - a scroll of enchant armour
 d - 3 scrolls of remove curse
 f - a scroll of random uselessness {unknown}
 i - 3 scrolls of teleportation
 q - a scroll of magic mapping {unknown}
 s - 2 scrolls of immolation {unknown}
 t - 3 scrolls of fear
 y - 2 scrolls of fog {unknown}
 C - 2 scrolls of summoning {unknown}
 D - 2 scrolls of enchant weapon {unknown}
 H - a scroll of blinking {unknown}
Potions
 a - 2 potions of attraction {unknown}
 e - a potion of berserk rage {unknown}
 g - 2 potions of curing
 l - a potion of cancellation
 m - 3 potions of haste
 p - 2 potions of ambrosia
 w - 2 potions of might


   Skills:
 * Level 7.0 Fighting
 * Level 6.5 Dodging
 + Level 5.7 Stealth
 * Level 10.5 Unarmed Combat
 * Level 6.4 Spellcasting
 * Level 4.2 Necromancy
 * Level 6.5 Transmutations
 + Level 0.2 Poison Magic


You had one spell level left.
You knew the following spells:

 Your Spells              Type           Power        Failure   Level
a - Beastly Appendage     Tmut           70%          1%          1
b - Wereblood             Tmut           35%          1%          2
c - Animate Skeleton      Necr           50%          1%          1
d - Passwall              Tmut/Erth      17%          3%          2
e - Vampiric Draining     Necr           12%          4%          3
f - Blade Hands           Tmut           17%          17%         5
g - Spider Form           Tmut/Pois      10%          7%          3
h - Dispel Undead         Necr           25%          16%         4

Your spell library contained the following spells:

 Spells                   Type           Power        Failure   Level
 Pain                     Necr           100%         1%          1
 Apportation              Tloc           14%          9%          1
 Corona                   Hex            7%           9%          1
 Foxfire                  Conj/Fire      28%          9%          1
 Magic Dart               Conj           28%          9%          1
 Sandblast                Erth           14%          9%          1
 Summon Small Mammal      Summ           28%          9%          1
 Sublimation of Blood     Necr           12%          2%          2
 Blink                    Tloc           N/A          13%         2
 Call Imp                 Summ           7%           13%         2
 Slow                     Hex            7%           13%         2
 Ice Form                 Ice/Tmut       21%          22%         4
 Petrify                  Tmut/Erth      21%          22%         4
 Conjure Flame            Conj/Fire      7%           26%         3
 Inner Flame              Hex/Fire       7%           26%         3
 Mephitic Cloud           Conj/Pois/Air  7%           26%         3
 Stone Arrow              Conj/Erth      14%          26%         3
 Agony                    Necr           25%          38%         5
 Sticky Flame             Conj/Fire      7%           65%         4
 Borgnjor's Vile Clutch   Necr/Erth      8%           71%         5
 Death Channel            Necr           12%          93%         6
 Fireball                 Conj/Fire      3%           94%         5
 Lee's Rapid Deconstruct  Erth           3%           94%         5
 Simulacrum               Ice/Necr       8%           99%         6


Dungeon Overview and Level Annotations

Branches:
Dungeon (9/15)             Temple (1/1) D:6            Lair (1/6) D:9
    Orc: D:9-12

Altars:
Ashenzari
Cheibriados
Dithmenos
Elyvilon
Fedhas
Gozag
Hepliaklqana
Kikubaaqudgha
Makhleb
Nemelex Xobeh
Okawaru
Qazlal
Ru
Sif Muna
Trog
Uskayaw
Vehumet
Wu Jian
Xom
Yredelemnul
Zin
The Shining One
Jiyva

Shops:
D:5 }


Innate Abilities, Weirdness & Mutations

You can breathe waves of freezing cold.
You can buffet flying creatures when you breathe cold.
Your icy white scales are hard. (AC +7)
You cannot fit into any form of body armour.
Your flesh is very cold resistant. (rC++)
You are cold-blooded and may be slowed by cold attacks.
You have large cloven feet.
You expend magic power (3 MP) to strengthen your wands.


Message History

You have got your breath back.
Your transformation is almost over.
Found 19 stones.
You see here a gnarled smoking staff.
Your transformation has ended.
Your +2 hat of see invisible unmelds from your body.
You feel perceptive.
The bullfrog gives a loud, deep croak!
The bullfrog completely misses you. x2
The bullfrog completely misses you. The bullfrog closely misses you.
The bullfrog misses you.
Press: ? - help, Shift-Dir - straight line, p - six-headed hydra You fail to use your ability.
The six-headed hydra bites you!
* * * LOW HITPOINT WARNING * * *
The six-headed hydra completely misses you. x2
The six-headed hydra misses you. The six-headed hydra bites you!
* * * LOW HITPOINT WARNING * * *
The six-headed hydra bites you!
You die...
Kikubaaqudgha rasps: "You have failed me!
Welcome... death!"

#....# ... ..#.....P .
....!..+#.###.#.....###.
.....................P..
........................
........................
........................
........................
#................<.....
.#..#.@#######.....####
+...#D#.#####.....#...
#.. #F.....##.........
#. #.[....##.....#... +
#......##.....+...
#......##.....#... #
#......##.....##.. #.
###.####.#.........
.#..#.#.P##.#..........


You could see a six-headed hydra (poisoned) and a bullfrog.

Vanquished Creatures
  Gastronok (D:8)
  Harold (D:8)
  Erica (D:8)
  2 two-headed ogres
  Pikel (D:6)
  Joseph (D:8)
  Maggie (D:7)
  Sigmund (D:3)
  Grum (D:8)
  A water moccasin (D:9)
  A sky beast (D:7)
  3 ogres
  3 necrophages
  4 wolves (D:8)
  A lemure (D:6)
  A centaur (D:8)
  3 bullfrogs
  A big kobold (D:7)
  A wyvern zombie (D:8)
  A wyvern skeleton (D:9)
  A scorpion (D:7)
  3 killer bees (D:7)
  20 wights
  A centaur zombie (D:8)
  3 bullfrog skeletons
  A bullfrog zombie (D:9)
  A hound (D:6)
  5 jellies
  3 orc priests
  A centaur skeleton (D:7)
  An iguana (D:5)
  4 orc wizards
  4 worker ants
  2 hound zombies
  A hound skeleton (D:8)
  A mummy (D:9)
  Robin (D:3)
  8 adders
  3 gnolls (D:6)
  3 shadow imps
  2 white imps
  5 ufetubi
  An ooze (D:3)
  2 adder zombies (D:9)
  3 adder skeletons
  4 worms
  2 dart slugs
  3 leopard geckos (D:3)
  18 orcs
  4 ball pythons
  6 giant cockroaches
  13 goblins
  13 hobgoblins
  8 jackals
  11 kobolds
  6 quokkas
  13 bats
  5 frilled lizards
  A giant cockroach zombie (D:5)
  A jackal skeleton (D:8)
  A leopard gecko zombie (D:5)
  2 quokka skeletons
  12 rats
233 creatures vanquished.

Vanquished Creatures (collateral kills)
  A giant cockroach (D:3)
  A goblin (D:3)
2 creatures vanquished.

Vanquished Creatures (others)
  9 plants
  3 withered plants (D:9)
12 creatures vanquished.

Grand Total: 247 creatures vanquished

Notes
Turn   | Place    | Note
-------+----------+-------------------------------------------
     0 | D:1      | Allula97 the Draconian Transmuter began the quest for the
                  | Orb.
     0 | D:1      | Reached XP level 1. HP: 16/16 MP: 3/3
   126 | D:1      | Reached XP level 2. HP: 16/23 MP: 5/5
   656 | D:1      | Learned a level 2 spell: Wereblood
   697 | D:1      | Reached XP level 3. HP: 28/28 MP: 6/6
  1559 | D:2      | Reached skill level 1 in Stealth
  1879 | D:2      | Reached skill level 5 in Unarmed Combat
  1879 | D:2      | Reached XP level 4. HP: 41/41 MP: 6/10
  2293 | D:2      | Found a faded altar of an unknown god.
  2322 | D:2      | Became a worshipper of Kikubaaqudgha
  2322 | D:2      | Reached * piety under Kikubaaqudgha
  2322 | D:2      | Identified Kikubaaqudgha's Almanac of Sinister Rituals
                  | (Kikubaaqudgha gifted it to you on level 2 of the Dungeon)
  2322 | D:2      | Received a gift from Kikubaaqudgha
  2596 | D:3      | Learned a level 1 spell: Animate Skeleton
  2598 | D:3      | Learned a level 1 spell: Pain
  2602 | D:3      | Noticed Robin
  2619 | D:3      | Reached XP level 5. HP: 34/47 MP: 9/12
  2629 | D:3      | Killed Robin
  2938 | D:3      | Found a broken altar of Ashenzari.
  3454 | D:3      | Reached XP level 6. HP: 39/55 MP: 13/13
  3571 | D:3      | Reached ** piety under Kikubaaqudgha
  3589 | D:3      | Learned a level 3 spell: Vampiric Draining
  3595 | D:3      | Learned a level 5 spell: Blade Hands
  4168 | D:3      | Noticed Sigmund
  4183 | D:3      | Killed Sigmund
  4184 | D:3      | Reached skill level 6 in Unarmed Combat
  4716 | D:4      | Reached skill level 5 in Fighting
  4716 | D:4      | Reached skill level 5 in Spellcasting
  4716 | D:4      | Reached skill level 1 in Necromancy
  4716 | D:4      | Your scales start taking on an icy white colour.
  4716 | D:4      | Reached XP level 7. HP: 48/61 MP: 12/14
  4716 | D:4      | Gained mutation: Your flesh is cold resistant. (rC+) [White
                  | Draconian growth]
  4922 | D:4      | Found a stormy altar of Qazlal.
  5533 | D:5      | Entered Level 5 of the Dungeon
  5609 | D:5      | Found an opulent altar of Gozag.
  5851 | D:5      | Found Gooqapp's Gadget Shop.
  7194 | D:6      | Reached skill level 5 in Transmutations
  7228 | D:6      | Noticed Pikel
  7257 | D:6      | HP: 2/61 [Pikel/+2 whip of flaming (9)]
  7260 | D:6      | Killed Pikel
  7261 | D:6      | Reached XP level 8. HP: 27/68 MP: 15/15
  7529 | D:6      | Found a staircase to the Ecumenical Temple.
  7540 | Temple   | Entered the Ecumenical Temple
  8021 | D:7      | Reached skill level 5 in Dodging
  8033 | D:7      | Learned a level 3 spell: Spider Form
  8174 | D:7      | Reached skill level 5 in Stealth
  8312 | D:7      | Reached *** piety under Kikubaaqudgha
  8312 | D:7      | Identified Kikubaaqudgha's Collected Works on Dark Magic
                  | (Kikubaaqudgha gifted it to you on level 7 of the Dungeon)
  8312 | D:7      | Received a gift from Kikubaaqudgha
  8382 | D:7      | Reached skill level 7 in Unarmed Combat
  8487 | D:7      | Noticed Maggie
  8504 | D:7      | Killed Maggie
  8505 | D:7      | Reached XP level 9. HP: 40/75 MP: 17/17
  9577 | D:8      | Got a brightly glowing hunting sling
  9629 | D:8      | Noticed Gastronok
  9652 | D:8      | Killed Gastronok
  9653 | D:8      | Reached skill level 8 in Unarmed Combat
  9653 | D:8      | Reached XP level 10. HP: 84/84 MP: 16/18
  9779 | D:8      | Noticed a two-headed ogre
  9787 | D:8      | Killed a two-headed ogre
  9788 | D:8      | Reached skill level 9 in Unarmed Combat
  9989 | D:8      | Noticed Grum
 10017 | D:8      | Killed Grum
 10095 | D:8      | Reached **** piety under Kikubaaqudgha
 10114 | D:8      | Gained mutation: You have large cloven feet. [potion of
                  | mutation]
 10114 | D:8      | Gained mutation: Your flesh is very cold resistant. (rC++)
                  | [potion of mutation]
 10114 | D:8      | Gained mutation: You expend magic power (3 MP) to
                  | strengthen your wands. [potion of mutation]
 10210 | D:8      | Noticed Joseph
 10221 | D:8      | Killed Joseph
 10403 | D:8      | Found a blossoming altar of Fedhas.
 10577 | D:8      | Noticed Harold
 10589 | D:8      | Killed Harold
 10597 | D:8      | Found a burning altar of Makhleb.
 10863 | D:8      | Found a sparkling altar of Nemelex Xobeh.
 10933 | D:8      | Noticed Erica
 10943 | D:8      | HP: 4/84 [Erica/bolt of poison (28)]
 10945 | D:8      | Killed Erica
 10946 | D:8      | Reached skill level 10 in Unarmed Combat
 11258 | D:9      | Learned a level 2 spell: Passwall
 11263 | D:9      | Learned a level 4 spell: Dispel Undead
 11288 | D:9      | Found an ancient bone altar of Kikubaaqudgha.
 11310 | D:9      | Reached XP level 11. HP: 82/90 MP: 16/20
 11455 | D:9      | Found a sacrificial altar of Ru.
 11523 | D:9      | Found a viscous altar of Jiyva.
 11558 | D:9      | Noticed a two-headed ogre
 11617 | D:9      | Killed a two-headed ogre
 11788 | D:9      | Found a staircase to the Lair.
 12324 | D:9      | Found a shimmering altar of Xom.
 12433 | Lair:1   | Entered Level 1 of the Lair of Beasts
 12440 | Lair:1   | Noticed a six-headed hydra
 12498 | Lair:1   | HP: 2/92 [six-headed hydra (15)]
 12498 | Lair:1   | Mangled by a six-headed hydra

Illustrated notes

Levels and vault maps discovered:
D:1:      mrwooster_arrival_statue_2, layout_basic, minmay_misc_feat_columns,
          minmay_tetromino_i4
D:2:      layout_loops_ring, chequers_ecumenical_altar_lobes,
          corexii_item_surrounded_by_moat
D:3:      minmay_angry_zag, layout_basic, ashenzari_altar_1,
          serial_co_window_serial, co_window_paths_a, co_window_paths_a,
          co_window_paths_a, co_window_paths_a, co_window_corner_a,
          co_window_paths_c, co_window_unsneaky_path_b,
          co_window_of_opportunity_c, co_window_cross_4, co_window_sun,
          co_window_paths_e, glass_columns_a, uniq_sigmund, uniq_robin
D:4:      layout_loops_ring, old_standard_altar
D:5:      layout_layer_cave, serial_shops, shop_coins, basic_altar,
          roderic_serpentine_path, hangedman_decor_peaks_small,
          chequers_big_river
D:6:      layout_basic, minmay_temple_entry_poolview, uniq_pikel
D:7:      layout_gridville, amcnicky_mini_pool_medium, uniq_maggie
D:8:      layout_loops_ring, nemelex_xobeh_ov_fountains_minmay,
          makhleb_blood_cavern_becter, fedhas_altar_2, uniq_erica, uniq_joseph,
          uniq_harold, uniq_gastronok, uniq_grum
D:9:      layout_basic, lemuel_round_altar, marbit_many_paths,
          dpeg_oklobed_lair, basic_altar, serial_undead, serial_undead_f,
          serial_undead_a, serial_undead_a, serial_undead_b, serial_undead_e,
          serial_undead_c, serial_undead_b, jiyva_altar_1
Temple:   nicolae_temple_elliptical
Lair:1:   layout_regular_city, lemuel_fruit_fields

Skill      XL: |  1  2  3  4  5  6  7  8  9 10 11 |
---------------+----------------------------------+-----
Dodging        | 2 4 5 6 |  6.5
Stealth        | 4 5 |  5.7
Fighting       | 4 5 6 7 |  7.0
Unarmed Combat | 5 6 7 8 10 | 10.5
Spellcasting   | 4 5 6 |  6.4
Transmutations | 4 5 6 |  6.5
Necromancy     | 1 2 3 4 |  4.2
Poison Magic   | |  0.2

Action                   |  1- 3 |  4- 6 |  7- 9 | 10-12 || total
-------------------------+-------+-------+-------+-------++-------
Melee: Unarmed           |   143 |   199 |   306 |   218 ||   866
       Kick              |    15 |    23 |    27 |    28 ||    93
       Headbutt          |     8 |    26 |    25 |       ||    59
       Tailslap          |     7 |    19 |    30 |    27 ||    83
       Punch             |     1 |     3 |     8 |     7 ||    19
Throw: Throwing net      |       |       |       |     2 ||     2
 Cast: Beastly Appendage |    21 |    15 |    26 |       ||    62
       Wereblood         |       |     1 |     4 |     1 ||     6
       Animate Skeleton  |       |     8 |       |     1 ||     9
       Pain              |       |     2 |       |       ||     2
       Spider Form       |       |       |     3 |     5 ||     8
       Blade Hands       |       |       |       |     3 ||     3
Invok: Receive Corpses   |       |     1 |       |       ||     1
 Abil: Breathe Frost     |       |       |    12 |     7 ||    19
Evoke: Wand              |       |       |       |     3 ||     3
  Use: Potion            |     3 |     4 |     2 |     2 ||    11
       Scroll            |     2 |     3 |     8 |     4 ||    17
 Stab: Sleeping          |     3 |     9 |    10 |     1 ||    23
       Paralysed         |       |       |       |     5 ||     5
Armor: Skin              |    33 |    31 |    59 |    23 ||   146
Dodge: Dodged            |    88 |   113 |   287 |   167 ||   655
